 Dungeon Crawl Stone Soup version 0.29.1-15-g9cfb28693d (webtiles) character file.

Game seed: 15502873649387895463

1 croobank the Sneak (level 1, -2/16 HPs)
             Began as an Octopode Delver on Feb 23, 2023.
             Slain by a white imp (5 damage)
             ... on level 5 of the Dungeon.
             The game lasted 00:00:43 (106 turns).

croobank the Sneak (Octopode Delver)                 Turns: 106, Time: 00:00:44

Health: -2/16      AC:  1    Str: 11    XL:     1   Next: 20%
Magic:  1/1        EV: 13    Int: 12    God:
Gold:   45         SH:  0    Dex: 13    Spells: 0/0 levels left

rFire   . . .      SeeInvis .   a - +0 hand axe
rCold   . . .      Faith    .   (no shield)
rNeg    . . .      Spirit   .   (helmet restricted)
rPois   .          Reflect  .   (no amulet)
rElec   .          Harm     .   (no ring)
rCorr   .          Rampage  .   (no ring)
Will    .....                   (no ring)
Stlth   ++++......              (no ring)
HPRegen 0.05/turn               (no ring)
MPRegen 0.07/turn               (no ring)
                                (no ring)
                                (no ring)

@: hasted, very quick
A: almost no armour, amphibious, 8 rings, camouflage 1, gelatinous body 1,
(nimble swimmer 1), tentacles
a: no special abilities


You were on level 5 of the Dungeon.
You visited 1 branch of the dungeon, and saw 3 of its levels.

You collected 45 gold pieces.

Inventory:

Hand Weapons
 a - a +0 hand axe (weapon)
 g - a +0 spear
Wands
 f - a wand of digging (3)
Scrolls
 b - a scroll of fog
 c - a scroll of magic mapping
 d - a scroll of fear
 i - a scroll of butterflies {unknown}
 k - a scroll of teleportation {unknown}
Potions
 h - a potion of flight {unknown}
 j - a potion of degeneration {unknown}


   Skills:
 + Level 3.0 Fighting
 + Level 2.0 Axes
 + Level 2.0 Dodging
 + Level 6.6 Stealth


You couldn't memorise any spells.
You didn't know any spells.
Your spell library was empty.

Dungeon Overview and Level Annotations

Branches:
Dungeon (7/15)
 Temple: D:4-7

Altars:

Annotations:
D:6 Maggie


Innate Abilities, Weirdness & Mutations

You cannot wear most types of armour.
You are amphibious.
You can wear up to eight rings at the same time.
Your skin changes colour to match your surroundings (Stealth+).
Your rubbery body absorbs attacks. (AC +1, EV +1)
((You are camouflaged when in or above water. (Stealth+)))
You have tentacles for arms and can constrict up to eight enemies at once.


Message History

There is a stone staircase leading down here.
You now have 35 gold pieces (gained 15).
There is a stone staircase leading down here.
You climb downwards.
You hear the roar of battle.
There is an entrance to a bailey on this level.
Hurry and find it before the portal closes forever!
Found 10 gold pieces.
Found a stone staircase leading up.
There is a stone staircase leading up here.
You now have 45 gold pieces (gained 10).
There is a stone staircase leading up here.
You climb upwards.
Level annotation: Maggie
Found a scroll labelled OXEILL DEFOF.
Found a stone staircase leading up.
There is a stone staircase leading down here.
A phantom comes into view.
Found 3 stones.
There is a stone staircase leading up here.
You climb upwards.
There is a stone staircase leading down here.
Found a mace.
A quokka comes into view.
The helpless quokka fails to defend itself.
You slash the quokka!
You kill the quokka!
A white imp comes into view.
The white imp shouts!
The white imp gestures at you. The puff of frost hits you!
Ouch! That really hurt!
You are too injured to fight recklessly!
You are too injured to fight recklessly!
You are too injured to fight recklessly!
You feel yourself speed up. The white imp closely misses you.
You hit the white imp. Your grab misses the white imp.
The white imp is lightly wounded.
The white imp hits you.
* * * LOW HITPOINT WARNING * * *
The white imp freezes you.
You die...

.. #.# .. #.# ..
#.# .. #.# ..
#.# . #.# #5#
#@# #.# ##.#
#.###..#
#.....## #####.#
#.# #.#
########.###
#.###...>.......


You could see a white imp.

Vanquished Creatures
  A quokka (D:5)
1 creature vanquished.

Notes
Turn   | Place    | Note
-------+----------+-------------------------------------------
     0 | D:5      | croobank the Octopode Delver began the quest for the Orb.
     0 | D:5      | Reached XP level 1. HP: 16/16 MP: 1/1
    15 | D:5      | Noticed a black bear
    16 | D:5      | Noticed an iguana
    49 | D:6      | Noticed Maggie
    77 | D:6      | Noticed a phantom
   106 | D:5      | Slain by a white imp

Illustrated notes

Levels and vault maps discovered:
D:5:      layout_loops_ring, uniq_ijyb, uniq_pikel
D:6:      layout_rooms, minmay_temple_entry_offerings, gammafunk_ghost_cemetery,
          serial_shops, shop_fountains, minivault_4, minivault_11,
          minmay_misc_feat_x, columned_hall_lemuel, uniq_edmund, uniq_maggie
D:7:      layout_loops_cross, serial_shops, shop, enter_bailey_7, minivault_27

Action                   || total
-------------------------++-------
Melee: Hand axe          ||     2
  Use: Potion            ||     1
 Stab: Sleeping          ||     1
Dodge: Dodged            ||     1
